[ PARTIDA AOE2 · #470490998 ]
UnrankedEspañoles vs Spanish
[ ANÁLISIS DE REPETICIÓN · EXTRAÍDO DE LA PARTIDA GRABADA ]
Feudal
14:32
Castillos
19:59
Imperial
—
| APM promedio | 34.3 |
| APM pico | 68 |
| eAPM promedio | 18.1 |
| Aldeanos / militares | 133 / 24 |
Foco
⚔️ 33.9% · 🌾 66.1%
Fishing Ship ×26 · Skirmisher ×17 · Mangonel ×7
Feudal
13:14
Castillos
22:18
Imperial
—
| APM promedio | 24.1 |
| APM pico | 45 |
| eAPM promedio | 15.4 |
| Aldeanos / militares | 74 / 17 |
Foco
⚔️ 28.6% · 🌾 71.4%
Fishing Ship ×21 · Fire Galley ×10 · Genoese Crossbowman ×7
Feudal
12:50
Castillos
16:45
Imperial
—
| APM promedio | 55.1 |
| APM pico | 109 |
| eAPM promedio | 18.6 |
| Aldeanos / militares | 109 / 30 |
Foco
⚔️ 20.7% · 🌾 79.3%
Conquistador ×25 · Fishing Ship ×8 · Battering Ram ×5
Feudal
15:13
Castillos
19:45
Imperial
36:03
| APM promedio | 34.1 |
| APM pico | 67 |
| eAPM promedio | 21.8 |
| Aldeanos / militares | 122 / 68 |
Foco
⚔️ 30.7% · 🌾 69.3%
Fire Lancer ×52 · Fishing Ship ×9 · Skirmisher ×8 · Battering Ram ×5 · Spearman ×3
Feudal
11:48
Castillos
23:35
Imperial
29:50
| APM promedio | 41.1 |
| APM pico | 70 |
| eAPM promedio | 20.5 |
| Aldeanos / militares | 60 / 17 |
Foco
⚔️ 28.3% · 🌾 71.7%
Archer ×10 · Fishing Ship ×5 · Trebuchet (Packed) ×5 · Spearman ×2
Feudal
13:25
Castillos
16:55
Imperial
35:14
| APM promedio | 47.9 |
| APM pico | 75 |
| eAPM promedio | 26.4 |
| Aldeanos / militares | 129 / 115 |
Foco
⚔️ 19.6% · 🌾 80.4%
Knight ×105 · Fishing Ship ×16 · Serjeant ×6 · Demolition Raft ×2 · Trebuchet (Packed) ×2
Feudal
13:39
Castillos
17:09
Imperial
—
| APM promedio | 49.0 |
| APM pico | 109 |
| eAPM promedio | 17.7 |
| Aldeanos / militares | 75 / 34 |
Foco
⚔️ 36.7% · 🌾 63.3%
Mangudai ×30 · Fishing Ship ×6 · Mangonel ×3 · Battering Ram ×1
Feudal
12:55
Castillos
16:56
Imperial
—
| APM promedio | 37.4 |
| APM pico | 67 |
| eAPM promedio | 19.0 |
| Aldeanos / militares | 126 / 27 |
Foco
⚔️ 25.5% · 🌾 74.5%
Camel Archer ×24 · Fishing Ship ×8 · Unknown (2626) ×3 · Mangonel ×2 · Galley ×1
Mapa de la partida
Recursos iniciales + cada clic de construcción. Líneas = muros · curvas = relieve. ◆ oro · ⬟ piedra · ● bayas · ✦ reliquia · ◌ hueco del cierre
Tu base· Abierta — hueco de 12t
Base de Tonguera· Abierta — hueco de 10t
Base de Shadow_BR· Abierta — hueco de 7t
Base de MasteRk· Abierta — hueco de 12t
Base de boda· Abierta — hueco de 5t
Base de Roooooooo· Abierta — hueco de 11t
Base de Sawasha Takohida· Abierta — hueco de 8t
Base de mano do age· Abierta — hueco de 5t
Terreno inicial suavizado · ◌ = hueco del cierre detectado · pasá el cursor para detalles
Inputs por minuto
— fredi - - Tonguera
Build order — fredi
Primeras 150 de 182 acciones detectadas
| 0:36 | Construir | Town Center |
| 0:56 | Construir | Town Center |
| 1:11 | Construir | Dock |
| 1:12 | Construir | House |
| 1:48 | Construir | Town Center |
| 4:01 | Crear | Villager (Male) |
| 4:01 | Crear | Villager (Male) |
| 4:02 | Crear | Villager (Male) |
| 4:02 | Crear | Villager (Male) |
| 4:02 | Crear | Villager (Male) |
| 4:09 | Crear | Villager (Male) |
| 4:10 | Crear | Villager (Male) |
| 5:30 | Construir | House |
| 5:54 | Crear | Villager (Male) |
| 5:54 | Crear | Villager (Male) |
| 6:16 | Crear | Villager (Male) |
| 6:16 | Crear | Villager (Male) |
| 6:38 | Crear | Fishing Ship |
| 6:39 | Crear | Fishing Ship |
| 7:10 | Crear | Villager (Male) |
| 7:11 | Crear | Villager (Male) |
| 7:12 | Crear | Villager (Male) |
| 7:12 | Crear | Villager (Male) |
| 7:23 | Crear | Villager (Male) |
| 7:24 | Crear | Villager (Male) |
| 7:52 | Crear | Villager (Male) |
| 7:52 | Crear | Villager (Male) |
| 8:14 | Crear | Villager (Male) |
| 8:14 | Crear | Villager (Male) |
| 8:34 | Crear | Villager (Male) |
| 8:35 | Crear | Villager (Male) |
| 8:35 | Crear | Villager (Male) |
| 8:39 | Crear | Villager (Male) |
| 9:03 | Construir | House |
| 9:07 | Construir | House |
| 9:22 | Investigar | Loom |
| 9:52 | Crear | Villager (Male) |
| 9:53 | Crear | Villager (Male) |
| 9:53 | Crear | Villager (Male) |
| 9:53 | Crear | Villager (Male) |
| 9:53 | Crear | Villager (Male) |
| 10:02 | Crear | Fishing Ship |
| 10:02 | Crear | Fishing Ship |
| 10:05 | Construir | House |
| 10:29 | Crear | Villager (Male) |
| 10:29 | Crear | Villager (Male) |
| 10:48 | Construir | Mill |
| 11:14 | Crear | Fishing Ship |
| 11:33 | Crear | Villager (Male) |
| 12:17 | Investigar | Feudal Age |
| 13:33 | Crear | Villager (Male) |
| 13:33 | Crear | Villager (Male) |
| 14:06 | Construir | Barracks |
| 14:10 | Crear | Villager (Male) |
| 14:18 | Crear | Fishing Ship |
| 14:32 | Edad | Edad Feudal |
| 14:35 | Construir | House |
| 15:10 | Crear | Villager (Male) |
| 15:32 | Construir | Archery Range |
| 15:34 | Crear | Villager (Male) |
| 16:06 | Crear | Skirmisher |
| 16:16 | Crear | Skirmisher |
| 16:27 | Construir | Blacksmith |
| 16:29 | Crear | Villager (Male) |
| 16:36 | Crear | Villager (Male) |
| 16:44 | Crear | Skirmisher |
| 16:44 | Crear | Skirmisher |
| 16:49 | Investigar | Fletching |
| 17:10 | Crear | Skirmisher |
| 17:19 | Investigar | Castle Age |
| 17:45 | Investigar | Fletching |
| 17:51 | Crear | Fishing Ship |
| 17:51 | Crear | Fishing Ship |
| 18:10 | Crear | Villager (Male) |
| 18:30 | Construir | Dock |
| 18:58 | Investigar | Tech 906 |
| 19:05 | Construir | House |
| 19:46 | Crear | Villager (Male) |
| 19:50 | Crear | Fishing Ship |
| 19:50 | Crear | Fishing Ship |
| 19:57 | Construir | Dock |
| 19:59 | Edad | Edad de los Castillos |
| 20:39 | Investigar | Wheelbarrow |
| 20:54 | Crear | Villager (Male) |
| 21:11 | Investigar | Gillnets |
| 21:22 | Crear | Villager (Male) |
| 21:23 | Crear | Villager (Male) |
| 21:42 | Crear | Fishing Ship |
| 21:42 | Crear | Fishing Ship |
| 21:43 | Crear | Fishing Ship |
| 22:12 | Crear | Skirmisher |
| 22:12 | Crear | Skirmisher |
| 22:21 | Investigar | Fletching |
| 22:34 | Construir | Market |
| 22:39 | Crear | Skirmisher |
| 22:40 | Crear | Villager (Male) |
| 22:43 | Crear | Villager (Male) |
| 22:50 | Crear | Skirmisher |
| 22:54 | Investigar | Bodkin Arrow |
| 22:55 | Crear | Villager (Male) |
| 23:11 | Crear | Villager (Male) |
| 23:16 | Construir | House |
| 23:21 | Investigar | Hand Cart |
| 23:42 | Construir | Lumber Camp |
| 23:46 | Crear | Villager (Male) |
| 24:04 | Crear | Skirmisher |
| 24:12 | Construir | Siege Workshop |
| 24:28 | Crear | Villager (Male) |
| 24:28 | Crear | Villager (Male) |
| 24:29 | Crear | Villager (Male) |
| 24:47 | Crear | Villager (Male) |
| 24:52 | Construir | Town Center |
| 24:55 | Crear | Villager (Male) |
| 25:14 | Crear | Skirmisher |
| 25:14 | Crear | Skirmisher |
| 25:14 | Crear | Skirmisher |
| 25:28 | Crear | Mangonel |
| 26:08 | Crear | Skirmisher |
| 26:08 | Crear | Skirmisher |
| 26:11 | Construir | House |
| 26:26 | Crear | Villager (Male) |
| 26:31 | Investigar | Double-Bit Axe |
| 26:41 | Construir | Dock |
| 26:42 | Crear | Fishing Ship |
| 26:48 | Crear | Villager (Male) ×5 |
| 26:48 | Crear | Villager (Male) ×5 |
| 26:48 | Crear | Villager (Male) ×3 |
| 26:48 | Crear | Villager (Male) ×3 |
| 27:11 | Crear | Skirmisher |
| 27:31 | Crear | Mangonel |
| 27:55 | Crear | Skirmisher |
| 28:33 | Crear | Mangonel |
| 28:38 | Construir | Town Center |
| 28:56 | Investigar | Bow Saw |
| 29:09 | Crear | Mangonel |
| 29:10 | Crear | Villager (Male) ×4 |
| 29:18 | Construir | Market |
| 29:21 | Crear | Villager (Male) |
| 29:32 | Crear | Villager (Male) ×2 |
| 29:33 | Crear | Villager (Male) ×2 |
| 29:57 | Crear | Villager (Male) ×3 |
| 30:00 | Crear | Fishing Ship ×5 |
| 30:05 | Construir | House |
| 30:26 | Crear | Villager (Male) ×3 |
| 30:27 | Crear | Villager (Male) ×3 |
| 30:50 | Construir | House |
| 30:51 | Construir | House |
| 30:52 | Construir | House |
| 30:56 | Construir | Town Center |
| 31:01 | Construir | House |
Build order — Tonguera
Primeras 150 de 190 acciones detectadas
| 0:28 | Construir | House |
| 0:43 | Construir | Town Center |
| 2:01 | Construir | Dock |
| 3:02 | Crear | Villager (Male) |
| 3:03 | Crear | Villager (Male) |
| 3:05 | Crear | Villager (Male) |
| 3:05 | Crear | Villager (Male) |
| 3:06 | Crear | Villager (Male) |
| 4:07 | Crear | Fishing Ship |
| 4:14 | Construir | House |
| 4:45 | Investigar | Loom |
| 4:56 | Crear | Fishing Ship |
| 5:11 | Crear | Villager (Male) |
| 5:12 | Crear | Villager (Male) |
| 5:36 | Crear | Villager (Male) |
| 5:37 | Crear | Villager (Male) |
| 5:59 | Crear | Villager (Male) |
| 6:00 | Crear | Villager (Male) |
| 6:20 | Crear | Fishing Ship |
| 6:23 | Crear | Villager (Male) |
| 6:24 | Crear | Villager (Male) |
| 6:51 | Crear | Villager (Male) |
| 6:52 | Crear | Villager (Male) |
| 6:55 | Construir | House |
| 7:10 | Crear | Villager (Male) |
| 7:11 | Crear | Villager (Male) |
| 7:31 | Crear | Fishing Ship |
| 7:34 | Construir | House |
| 7:41 | Crear | Villager (Male) |
| 7:41 | Crear | Villager (Male) |
| 7:42 | Crear | Villager (Male) |
| 7:42 | Crear | Villager (Male) |
| 8:19 | Crear | Villager (Male) |
| 8:20 | Crear | Villager (Male) |
| 8:39 | Crear | Fishing Ship |
| 8:40 | Crear | Fishing Ship |
| 8:43 | Construir | House |
| 9:02 | Crear | Villager (Male) |
| 9:03 | Crear | Villager (Male) |
| 9:03 | Crear | Villager (Male) |
| 9:03 | Crear | Villager (Male) |
| 9:25 | Construir | Palisade Wall |
| 9:39 | Crear | Fishing Ship |
| 9:49 | Construir | Mill |
| 10:20 | Construir | Palisade Wall |
| 10:21 | Construir | Palisade Wall |
| 10:40 | Construir | Lumber Camp |
| 11:04 | Investigar | Feudal Age |
| 11:05 | Investigar | Feudal Age |
| 11:51 | Construir | Dock |
| 12:26 | Construir | Palisade Wall |
| 12:36 | Construir | House |
| 12:37 | Construir | House |
| 13:14 | Edad | Edad Feudal |
| 13:19 | Crear | Fire Galley |
| 13:19 | Crear | Fire Galley |
| 13:33 | Investigar | Double-Bit Axe |
| 13:34 | Crear | Villager (Male) |
| 13:35 | Crear | Villager (Male) |
| 14:14 | Construir | Palisade Wall |
| 14:18 | Crear | Fire Galley |
| 14:19 | Crear | Fire Galley |
| 14:26 | Crear | Villager (Male) |
| 15:03 | Construir | Market |
| 15:05 | Construir | House |
| 15:13 | Crear | Fire Galley |
| 15:14 | Crear | Fire Galley |
| 15:24 | Construir | House |
| 15:25 | Construir | House |
| 15:27 | Construir | Palisade Wall |
| 15:28 | Construir | Palisade Wall |
| 15:29 | Construir | Palisade Wall |
| 15:33 | Construir | Palisade Wall |
| 15:37 | Crear | Villager (Male) |
| 15:37 | Crear | Villager (Male) |
| 16:42 | Construir | Palisade Wall |
| 16:49 | Construir | Mining Camp |
| 17:01 | Crear | Fire Galley |
| 17:02 | Crear | Fire Galley |
| 17:02 | Crear | Fire Galley |
| 17:02 | Crear | Fire Galley |
| 17:29 | Construir | Blacksmith |
| 17:32 | Construir | Palisade Wall |
| 17:34 | Crear | Villager (Male) |
| 17:34 | Crear | Villager (Male) |
| 18:06 | Construir | Watch Tower |
| 19:38 | Investigar | Castle Age |
| 19:38 | Investigar | Castle Age |
| 21:07 | Crear | Fishing Ship |
| 21:07 | Crear | Fishing Ship |
| 22:18 | Edad | Edad de los Castillos |
| 22:28 | Construir | House |
| 22:28 | Construir | House |
| 22:42 | Investigar | Bow Saw |
| 22:56 | Construir | Town Center |
| 24:58 | Crear | Villager (Male) |
| 24:59 | Crear | Villager (Male) |
| 25:05 | Crear | Villager (Male) |
| 25:06 | Crear | Villager (Male) |
| 25:06 | Crear | Villager (Male) |
| 25:51 | Construir | Town Center |
| 25:57 | Investigar | Town Watch |
| 25:59 | Crear | Villager (Male) |
| 25:59 | Crear | Villager (Male) |
| 26:51 | Crear | Villager (Male) |
| 26:58 | Construir | Mining Camp |
| 27:04 | Crear | Villager (Male) |
| 27:04 | Crear | Villager (Male) |
| 27:05 | Crear | Villager (Male) |
| 27:05 | Crear | Villager (Male) |
| 27:07 | Crear | Villager (Male) |
| 27:07 | Crear | Villager (Male) |
| 27:12 | Investigar | War Galley (upgrade) |
| 27:12 | Investigar | War Galley (upgrade) |
| 27:26 | Investigar | Wheelbarrow |
| 27:27 | Crear | Villager (Male) |
| 27:27 | Crear | Villager (Male) |
| 28:19 | Investigar | Stone Mining |
| 28:20 | Investigar | Stone Mining |
| 28:22 | Crear | Villager (Male) |
| 28:22 | Crear | Villager (Male) |
| 28:23 | Crear | Villager (Male) |
| 28:23 | Crear | Villager (Male) |
| 28:44 | Investigar | Tech 906 |
| 28:45 | Crear | Fishing Ship |
| 28:45 | Crear | Fishing Ship |
| 28:45 | Crear | Fishing Ship |
| 28:46 | Crear | Fishing Ship |
| 28:57 | Construir | Dock |
| 29:30 | Construir | Stone Wall |
| 29:41 | Construir | Lumber Camp |
| 29:44 | Crear | Villager (Male) |
| 29:44 | Crear | Villager (Male) |
| 29:45 | Crear | Villager (Male) |
| 29:46 | Crear | Villager (Male) |
| 30:28 | Crear | Villager (Male) |
| 30:51 | Crear | Fishing Ship |
| 30:51 | Crear | Fishing Ship |
| 30:51 | Crear | Fishing Ship |
| 30:52 | Crear | Fishing Ship |
| 30:52 | Crear | Fishing Ship |
| 30:55 | Construir | House |
| 30:55 | Construir | House |
| 30:56 | Construir | House |
| 30:56 | Construir | House |
| 30:56 | Construir | House |
| 30:57 | Construir | House |
| 31:00 | Construir | House |
| 31:01 | Construir | House |
| 31:01 | Construir | House |
Build order — Shadow_BR
Primeras 150 de 219 acciones detectadas
| 0:28 | Construir | Town Center |
| 0:58 | Construir | Dock |
| 1:33 | Construir | House |
| 2:38 | Crear | Villager (Male) |
| 2:39 | Crear | Villager (Male) |
| 2:39 | Crear | Villager (Male) |
| 2:39 | Crear | Villager (Male) |
| 2:39 | Crear | Villager (Male) |
| 3:43 | Crear | Fishing Ship |
| 3:44 | Crear | Fishing Ship |
| 3:49 | Crear | Villager (Male) |
| 3:50 | Crear | Villager (Male) |
| 4:43 | Construir | House |
| 4:46 | Investigar | Loom |
| 4:46 | Investigar | Loom |
| 5:07 | Crear | Villager (Male) |
| 5:07 | Crear | Villager (Male) |
| 5:31 | Crear | Fishing Ship |
| 5:31 | Crear | Fishing Ship |
| 5:35 | Crear | Villager (Male) |
| 5:35 | Crear | Villager (Male) |
| 5:55 | Crear | Villager (Male) |
| 5:55 | Crear | Villager (Male) |
| 6:16 | Crear | Fishing Ship |
| 6:16 | Crear | Fishing Ship |
| 6:22 | Construir | House |
| 6:30 | Crear | Villager (Male) |
| 6:45 | Crear | Villager (Male) |
| 6:45 | Crear | Villager (Male) |
| 7:16 | Crear | Fishing Ship |
| 7:18 | Crear | Villager (Male) |
| 7:18 | Crear | Villager (Male) |
| 7:36 | Crear | Villager (Male) |
| 7:39 | Construir | House |
| 8:07 | Crear | Fishing Ship |
| 8:10 | Crear | Villager (Male) |
| 8:45 | Crear | Villager (Male) |
| 8:52 | Crear | Villager (Male) |
| 8:58 | Construir | House |
| 9:04 | Crear | Villager (Male) |
| 9:31 | Construir | Mill |
| 9:34 | Crear | Villager (Male) |
| 9:40 | Construir | House |
| 9:53 | Crear | Villager (Male) |
| 10:11 | Crear | Villager (Male) |
| 10:36 | Investigar | Feudal Age |
| 11:09 | Construir | Mining Camp |
| 11:29 | Crear | Villager (Male) |
| 12:02 | Crear | Villager (Male) |
| 12:03 | Crear | Villager (Male) |
| 12:40 | Crear | Villager (Male) |
| 12:50 | Edad | Edad Feudal |
| 12:56 | Construir | Market |
| 13:04 | Construir | Blacksmith |
| 13:31 | Construir | Mining Camp |
| 13:51 | Construir | Stone Wall |
| 13:54 | Construir | Stone Wall |
| 13:58 | Investigar | Castle Age |
| 13:59 | Investigar | Castle Age |
| 14:17 | Construir | House |
| 14:26 | Construir | Lumber Camp |
| 14:43 | Crear | Villager (Male) |
| 15:21 | Investigar | Double-Bit Axe |
| 16:30 | Construir | House |
| 16:32 | Construir | House |
| 16:33 | Construir | House |
| 16:45 | Edad | Edad de los Castillos |
| 17:02 | Crear | Villager (Male) |
| 17:37 | Construir | Castle |
| 17:38 | Crear | Villager (Male) |
| 17:40 | Crear | Villager (Male) |
| 17:55 | Crear | Villager (Male) |
| 18:08 | Investigar | Bow Saw |
| 18:09 | Investigar | Bow Saw |
| 18:09 | Investigar | Horse Collar |
| 18:31 | Crear | Villager (Male) |
| 18:43 | Crear | Conquistador ×5 |
| 18:58 | Investigar | Padded Archer Armor |
| 18:58 | Crear | Villager (Male) |
| 19:42 | Construir | Town Center |
| 19:46 | Crear | Conquistador |
| 19:46 | Crear | Villager (Male) |
| 20:06 | Crear | Villager (Male) |
| 20:11 | Construir | Siege Workshop |
| 20:17 | Crear | Conquistador |
| 20:37 | Crear | Villager (Male) |
| 20:38 | Crear | Villager (Male) |
| 20:38 | Crear | Villager (Male) |
| 20:46 | Construir | Farm |
| 20:47 | Construir | Farm |
| 20:47 | Construir | Farm |
| 20:48 | Construir | Farm |
| 20:51 | Construir | Farm |
| 20:55 | Crear | Villager (Male) |
| 21:05 | Construir | Farm |
| 21:23 | Construir | Farm |
| 21:24 | Construir | Farm |
| 21:35 | Crear | Villager (Male) |
| 21:49 | Crear | Villager (Male) |
| 22:17 | Crear | Conquistador |
| 22:18 | Crear | Conquistador |
| 23:09 | Crear | Villager (Male) |
| 23:12 | Construir | Farm |
| 23:13 | Construir | Farm |
| 23:14 | Construir | Farm |
| 23:29 | Crear | Villager (Male) |
| 23:32 | Crear | Conquistador |
| 23:32 | Crear | Conquistador |
| 23:33 | Crear | Conquistador |
| 23:33 | Crear | Villager (Male) |
| 23:33 | Crear | Villager (Male) |
| 23:36 | Construir | Farm |
| 23:46 | Crear | Battering Ram |
| 23:47 | Crear | Battering Ram |
| 23:47 | Crear | Battering Ram |
| 23:59 | Construir | Barracks |
| 24:06 | Crear | Villager (Male) |
| 24:07 | Crear | Villager (Male) |
| 24:41 | Crear | Villager (Male) |
| 24:43 | Crear | Villager (Male) |
| 24:44 | Construir | Farm |
| 24:44 | Construir | Farm |
| 24:45 | Construir | Farm |
| 24:50 | Crear | Villager (Male) |
| 24:57 | Construir | Stable |
| 25:16 | Crear | Villager (Male) |
| 25:18 | Crear | Villager (Male) |
| 25:20 | Crear | Villager (Male) |
| 25:23 | Crear | Battering Ram |
| 25:25 | Crear | Villager (Male) |
| 25:50 | Crear | Villager (Male) |
| 25:52 | Construir | Farm |
| 26:14 | Crear | Villager (Male) |
| 26:16 | Construir | Farm |
| 26:22 | Crear | Villager (Male) |
| 26:24 | Crear | Conquistador |
| 26:35 | Crear | Battering Ram |
| 26:36 | Crear | Villager (Male) |
| 26:38 | Construir | Farm |
| 26:48 | Crear | Villager (Male) |
| 26:58 | Construir | Castle |
| 27:22 | Construir | Castle |
| 27:43 | Crear | Villager (Male) |
| 27:44 | Crear | Villager (Male) |
| 27:46 | Construir | Farm |
| 27:48 | Construir | Farm |
| 28:25 | Crear | Conquistador ×5 |
| 28:27 | Crear | Villager (Male) |
| 28:31 | Construir | Farm |
| 28:42 | Crear | Conquistador ×5 |
Build order — MasteRk
Primeras 150 de 328 acciones detectadas
| 0:28 | Construir | Town Center |
| 2:23 | Construir | Dock |
| 2:26 | Construir | House |
| 2:52 | Crear | Villager (Male) |
| 2:52 | Crear | Villager (Male) |
| 2:52 | Crear | Villager (Male) |
| 2:55 | Crear | Villager (Male) |
| 2:55 | Crear | Villager (Male) |
| 3:31 | Construir | Palisade Wall |
| 3:54 | Construir | Palisade Wall |
| 4:12 | Crear | Fishing Ship |
| 4:12 | Crear | Fishing Ship |
| 4:22 | Investigar | Loom |
| 4:39 | Construir | House |
| 4:50 | Crear | Villager (Male) |
| 4:50 | Crear | Villager (Male) |
| 5:15 | Crear | Villager (Male) |
| 5:15 | Crear | Villager (Male) |
| 5:54 | Crear | Villager (Male) |
| 5:54 | Crear | Villager (Male) |
| 5:54 | Crear | Villager (Male) |
| 6:11 | Crear | Villager (Male) |
| 6:11 | Crear | Villager (Male) |
| 6:32 | Crear | Villager (Male) |
| 6:32 | Crear | Villager (Male) |
| 6:47 | Crear | Villager (Male) |
| 6:48 | Crear | Villager (Male) |
| 7:03 | Construir | House |
| 7:05 | Crear | Fishing Ship |
| 7:05 | Crear | Fishing Ship |
| 7:25 | Crear | Villager (Male) |
| 7:25 | Crear | Villager (Male) |
| 7:36 | Construir | House |
| 7:54 | Crear | Villager (Male) |
| 8:09 | Crear | Villager (Male) |
| 8:09 | Crear | Villager (Male) |
| 8:17 | Construir | Mill |
| 8:18 | Crear | Villager (Male) |
| 8:51 | Crear | Villager (Male) |
| 8:52 | Crear | Villager (Male) |
| 9:00 | Crear | Fishing Ship |
| 9:00 | Crear | Fishing Ship |
| 9:23 | Crear | Villager (Male) |
| 9:59 | Crear | Villager (Male) |
| 10:08 | Crear | Fishing Ship |
| 10:08 | Crear | Fishing Ship |
| 10:13 | Construir | House |
| 10:39 | Crear | Villager (Male) |
| 10:55 | Construir | Mill |
| 11:07 | Crear | Villager (Male) |
| 11:16 | Construir | House |
| 11:30 | Crear | Villager (Male) |
| 11:52 | Crear | Villager (Male) |
| 11:58 | Crear | Fishing Ship |
| 12:24 | Crear | Villager (Male) |
| 12:24 | Investigar | Feudal Age |
| 12:52 | Construir | House |
| 13:06 | Construir | Mining Camp |
| 13:45 | Construir | House |
| 13:59 | Construir | House |
| 14:29 | Construir | Barracks |
| 14:38 | Construir | House |
| 15:08 | Crear | Villager (Male) |
| 15:09 | Crear | Villager (Male) |
| 15:13 | Edad | Edad Feudal |
| 15:25 | Investigar | Wheelbarrow |
| 15:30 | Construir | Archery Range |
| 15:36 | Construir | Blacksmith |
| 15:55 | Crear | Spearman |
| 15:55 | Crear | Spearman |
| 16:15 | Crear | Villager (Male) |
| 16:16 | Crear | Villager (Male) |
| 16:37 | Construir | House |
| 16:38 | Construir | House |
| 16:43 | Construir | Lumber Camp |
| 16:53 | Investigar | Castle Age |
| 17:11 | Construir | Palisade Wall |
| 17:15 | Crear | Skirmisher |
| 17:22 | Investigar | Double-Bit Axe |
| 17:22 | Investigar | Double-Bit Axe |
| 17:59 | Investigar | Horse Collar |
| 18:00 | Investigar | Horse Collar |
| 18:12 | Crear | Skirmisher |
| 18:16 | Crear | Spearman |
| 18:36 | Investigar | Town Watch |
| 18:37 | Crear | Villager (Male) |
| 19:18 | Construir | Barracks |
| 19:37 | Investigar | Scale Mail Armor |
| 19:45 | Edad | Edad de los Castillos |
| 20:02 | Construir | Town Center |
| 20:05 | Crear | Fire Lancer |
| 20:05 | Crear | Fire Lancer |
| 20:07 | Investigar | Forging |
| 20:08 | Crear | Fire Lancer |
| 20:08 | Crear | Fire Lancer |
| 20:15 | Crear | Villager (Male) |
| 20:22 | Crear | Fire Lancer |
| 20:22 | Crear | Fire Lancer |
| 20:46 | Investigar | Tech 906 |
| 20:47 | Crear | Villager (Male) |
| 20:55 | Construir | Town Center |
| 21:02 | Investigar | Squires |
| 21:03 | Crear | Fire Lancer |
| 21:05 | Investigar | Gold Mining |
| 21:07 | Crear | Villager (Male) |
| 21:10 | Construir | Farm |
| 21:11 | Construir | Farm |
| 21:12 | Construir | Farm |
| 21:13 | Construir | Farm |
| 21:21 | Crear | Fire Lancer |
| 21:21 | Crear | Fire Lancer |
| 21:52 | Crear | Villager (Male) |
| 21:52 | Crear | Villager (Male) |
| 21:58 | Construir | Mill |
| 22:00 | Construir | House |
| 22:01 | Construir | House |
| 22:01 | Construir | House |
| 22:15 | Investigar | Chain Mail Armor |
| 22:17 | Crear | Fire Lancer |
| 22:17 | Crear | Fire Lancer |
| 22:18 | Crear | Fire Lancer |
| 22:29 | Crear | Villager (Male) |
| 22:29 | Crear | Villager (Male) |
| 22:30 | Crear | Villager (Male) |
| 22:59 | Crear | Fire Lancer |
| 22:59 | Crear | Fire Lancer |
| 22:59 | Crear | Fire Lancer |
| 23:29 | Crear | Fire Lancer |
| 23:30 | Crear | Fire Lancer |
| 23:32 | Construir | House |
| 23:32 | Crear | Villager (Male) |
| 23:33 | Crear | Villager (Male) |
| 23:33 | Crear | Villager (Male) |
| 23:36 | Construir | Farm |
| 23:36 | Construir | Farm |
| 23:48 | Crear | Fire Lancer |
| 23:56 | Crear | Villager (Male) |
| 23:56 | Crear | Villager (Male) |
| 24:06 | Construir | Mining Camp |
| 24:08 | Investigar | Stone Mining |
| 24:08 | Investigar | Stone Mining |
| 24:09 | Crear | Villager (Male) |
| 24:09 | Crear | Villager (Male) |
| 24:21 | Crear | Villager (Male) |
| 24:21 | Crear | Villager (Male) |
| 24:26 | Investigar | Arson |
| 24:30 | Crear | Fire Lancer |
| 24:37 | Crear | Villager (Male) |
| 24:38 | Crear | Villager (Male) |
| 24:41 | Construir | Lumber Camp |
Build order — boda
Primeras 150 de 153 acciones detectadas
| 0:21 | Construir | Town Center |
| 1:15 | Construir | Dock |
| 1:54 | Construir | House |
| 2:06 | Construir | Palisade Wall |
| 2:37 | Crear | Villager (Male) |
| 2:37 | Crear | Villager (Male) |
| 2:37 | Crear | Villager (Male) |
| 2:37 | Crear | Villager (Male) |
| 2:38 | Crear | Villager (Male) |
| 2:38 | Crear | Villager (Male) |
| 2:44 | Construir | House |
| 3:09 | Crear | Fishing Ship |
| 4:14 | Crear | Villager (Male) |
| 4:14 | Crear | Villager (Male) |
| 4:42 | Construir | House |
| 4:47 | Crear | Villager (Male) |
| 4:47 | Crear | Villager (Male) |
| 4:59 | Investigar | Loom |
| 5:00 | Crear | Villager (Male) |
| 5:00 | Crear | Villager (Male) |
| 5:27 | Crear | Fishing Ship |
| 5:28 | Crear | Fishing Ship |
| 5:29 | Crear | Villager (Male) |
| 5:29 | Crear | Villager (Male) |
| 5:29 | Crear | Villager (Male) |
| 5:30 | Crear | Villager (Male) |
| 5:56 | Crear | Villager (Male) |
| 5:57 | Crear | Villager (Male) |
| 6:07 | Crear | Fishing Ship |
| 6:12 | Construir | House |
| 6:51 | Crear | Villager (Male) |
| 6:54 | Crear | Fishing Ship |
| 6:55 | Crear | Villager (Male) |
| 6:55 | Crear | Villager (Male) |
| 7:19 | Construir | House |
| 7:25 | Construir | Outpost |
| 7:33 | Crear | Villager (Male) |
| 8:11 | Construir | Mining Camp |
| 8:12 | Crear | Villager (Male) |
| 8:17 | Crear | Villager (Male) |
| 9:44 | Investigar | Feudal Age |
| 10:18 | Construir | House |
| 10:35 | Construir | Lumber Camp |
| 10:55 | Construir | Barracks |
| 11:36 | Crear | Villager (Male) |
| 11:36 | Crear | Villager (Male) |
| 11:48 | Edad | Edad Feudal |
| 11:59 | Construir | Archery Range |
| 12:04 | Investigar | Double-Bit Axe |
| 12:11 | Crear | Villager (Male) |
| 12:41 | Crear | Archer |
| 12:42 | Crear | Archer |
| 12:55 | Construir | House |
| 12:56 | Construir | House |
| 13:07 | Crear | Villager (Male) |
| 13:07 | Crear | Villager (Male) |
| 13:16 | Construir | Blacksmith |
| 13:20 | Crear | Archer |
| 13:25 | Crear | Spearman |
| 13:45 | Crear | Villager (Male) |
| 13:47 | Crear | Spearman |
| 13:51 | Crear | Archer |
| 13:56 | Crear | Villager (Male) |
| 14:11 | Investigar | Fletching |
| 14:11 | Investigar | Fletching |
| 14:11 | Investigar | Fletching |
| 14:38 | Crear | Archer |
| 14:39 | Crear | Archer |
| 14:42 | Crear | Villager (Male) |
| 14:45 | Construir | Mill |
| 15:05 | Crear | Archer |
| 15:05 | Crear | Archer |
| 16:51 | Crear | Villager (Male) |
| 16:51 | Crear | Villager (Male) |
| 16:55 | Construir | Farm |
| 16:55 | Construir | Farm |
| 16:55 | Construir | Farm |
| 16:55 | Construir | Farm |
| 16:56 | Construir | Farm |
| 16:57 | Investigar | Horse Collar |
| 17:39 | Construir | Farm |
| 17:40 | Construir | Farm |
| 17:40 | Construir | Farm |
| 17:40 | Construir | Farm |
| 17:45 | Construir | Farm |
| 17:46 | Crear | Villager (Male) |
| 17:51 | Construir | House |
| 18:02 | Investigar | Wheelbarrow |
| 18:19 | Construir | Farm |
| 18:21 | Crear | Villager (Male) |
| 18:30 | Crear | Archer |
| 18:30 | Crear | Archer |
| 19:03 | Construir | House |
| 19:22 | Construir | House |
| 19:24 | Construir | House |
| 19:28 | Crear | Villager (Male) |
| 19:45 | Investigar | Padded Archer Armor |
| 19:46 | Investigar | Padded Archer Armor |
| 19:54 | Crear | Villager (Male) |
| 19:54 | Crear | Villager (Male) |
| 20:06 | Construir | Watch Tower |
| 20:24 | Construir | House |
| 20:53 | Construir | House |
| 20:53 | Construir | House |
| 21:00 | Construir | Mining Camp |
| 21:09 | Investigar | Castle Age |
| 21:28 | Construir | House |
| 21:56 | Construir | House |
| 22:05 | Construir | House |
| 23:35 | Edad | Edad de los Castillos |
| 23:47 | Construir | Market |
| 24:44 | Construir | Castle |
| 25:41 | Construir | Town Center |
| 25:50 | Crear | Villager (Male) |
| 25:50 | Crear | Villager (Male) |
| 26:30 | Construir | University |
| 27:05 | Investigar | Imperial Age |
| 27:18 | Crear | Villager (Male) |
| 27:18 | Crear | Villager (Male) |
| 27:47 | Crear | Villager (Male) |
| 27:47 | Crear | Villager (Male) |
| 27:48 | Crear | Villager (Male) |
| 27:48 | Crear | Villager (Male) |
| 28:39 | Crear | Villager (Male) |
| 29:28 | Crear | Villager (Male) |
| 29:28 | Crear | Villager (Male) |
| 29:50 | Edad | Edad Imperial |
| 29:55 | Crear | Trebuchet (Packed) |
| 29:56 | Crear | Trebuchet (Packed) |
| 30:16 | Construir | Blacksmith |
| 30:24 | Crear | Villager (Male) |
| 30:25 | Crear | Villager (Male) |
| 30:25 | Crear | Villager (Male) |
| 30:55 | Crear | Trebuchet (Packed) |
| 31:22 | Investigar | Bodkin Arrow |
| 31:22 | Investigar | Bodkin Arrow |
| 31:56 | Investigar | Chemistry |
| 31:57 | Investigar | Chemistry |
| 31:57 | Investigar | Ballistics |
| 31:58 | Investigar | Ballistics |
| 32:30 | Construir | Farm |
| 32:51 | Construir | Castle |
| 34:08 | Investigar | Bodkin Arrow |
| 34:08 | Investigar | Bodkin Arrow |
| 34:23 | Crear | Villager (Male) |
| 34:24 | Crear | Villager (Male) |
| 34:24 | Crear | Villager (Male) |
| 34:24 | Crear | Villager (Male) |
| 35:29 | Crear | Villager (Male) |
| 35:38 | Crear | Trebuchet (Packed) |
Build order — Roooooooo
Primeras 150 de 392 acciones detectadas
| 0:04 | Construir | Town Center |
| 0:47 | Construir | Dock |
| 0:48 | Construir | House |
| 2:29 | Crear | Villager (Male) ×4 |
| 3:30 | Crear | Fishing Ship |
| 3:31 | Crear | Fishing Ship |
| 3:56 | Crear | Villager (Male) |
| 3:57 | Crear | Villager (Male) |
| 4:26 | Crear | Villager (Male) |
| 4:29 | Construir | House |
| 4:49 | Crear | Villager (Male) |
| 5:17 | Crear | Fishing Ship |
| 5:17 | Crear | Fishing Ship |
| 5:23 | Crear | Villager (Male) |
| 5:23 | Crear | Villager (Male) |
| 5:44 | Construir | House |
| 5:47 | Crear | Villager (Male) |
| 5:48 | Crear | Villager (Male) |
| 6:10 | Crear | Villager (Male) |
| 6:10 | Crear | Villager (Male) |
| 6:19 | Crear | Fishing Ship |
| 6:39 | Crear | Villager (Male) |
| 6:39 | Crear | Villager (Male) |
| 6:43 | Construir | House |
| 6:43 | Construir | House |
| 7:02 | Crear | Villager (Male) |
| 7:02 | Crear | Villager (Male) |
| 7:04 | Crear | Fishing Ship |
| 7:25 | Crear | Villager (Male) |
| 7:25 | Crear | Villager (Male) |
| 7:42 | Crear | Fishing Ship |
| 7:43 | Crear | Fishing Ship |
| 7:46 | Crear | Villager (Male) |
| 7:46 | Crear | Villager (Male) |
| 8:00 | Crear | Fishing Ship |
| 8:01 | Crear | Villager (Male) |
| 8:12 | Construir | House |
| 8:31 | Crear | Villager (Male) |
| 8:45 | Construir | Mill |
| 9:04 | Crear | Villager (Male) |
| 9:17 | Crear | Villager (Male) |
| 9:30 | Construir | Lumber Camp |
| 9:41 | Crear | Fishing Ship |
| 9:41 | Crear | Fishing Ship |
| 9:48 | Crear | Villager (Male) |
| 10:12 | Crear | Villager (Male) |
| 10:32 | Crear | Villager (Male) |
| 10:38 | Construir | Mining Camp |
| 10:41 | Investigar | Loom |
| 11:00 | Investigar | Feudal Age |
| 11:00 | Investigar | Feudal Age |
| 11:24 | Construir | Barracks |
| 11:29 | Crear | Villager (Male) |
| 11:29 | Crear | Villager (Male) |
| 12:31 | Construir | House |
| 12:32 | Construir | House |
| 13:25 | Edad | Edad Feudal |
| 13:26 | Construir | Stable |
| 13:28 | Construir | Blacksmith |
| 13:50 | Investigar | Tech 906 |
| 14:11 | Investigar | Castle Age |
| 14:11 | Investigar | Castle Age |
| 14:28 | Construir | Fish Trap |
| 14:40 | Construir | Fish Trap |
| 14:42 | Construir | Fish Trap |
| 14:54 | Investigar | Double-Bit Axe |
| 15:11 | Construir | Fish Trap |
| 15:32 | Construir | Fish Trap |
| 15:36 | Crear | Villager (Male) |
| 15:43 | Investigar | Horse Collar |
| 15:43 | Investigar | Horse Collar |
| 15:49 | Crear | Demolition Raft |
| 15:54 | Crear | Fishing Ship |
| 16:55 | Edad | Edad de los Castillos |
| 16:56 | Construir | Town Center |
| 17:02 | Construir | Town Center |
| 17:10 | Crear | Knight |
| 17:10 | Investigar | Bow Saw |
| 17:20 | Crear | Villager (Male) |
| 17:22 | Construir | Lumber Camp |
| 17:24 | Crear | Villager (Male) |
| 17:29 | Crear | Villager (Male) |
| 17:38 | Crear | Villager (Male) |
| 17:47 | Construir | Fish Trap |
| 17:49 | Crear | Villager (Male) |
| 18:00 | Crear | Knight |
| 18:02 | Crear | Villager (Male) |
| 18:07 | Construir | House |
| 18:08 | Construir | House |
| 18:08 | Construir | House |
| 18:08 | Construir | House |
| 18:09 | Construir | House |
| 18:09 | Construir | House |
| 18:09 | Construir | House |
| 18:12 | Crear | Demolition Raft |
| 18:14 | Crear | Fishing Ship |
| 18:18 | Crear | Villager (Male) |
| 18:28 | Construir | Farm |
| 18:29 | Construir | Farm |
| 18:35 | Crear | Villager (Male) |
| 18:42 | Construir | Fish Trap |
| 18:45 | Crear | Villager (Male) |
| 18:52 | Crear | Villager (Male) |
| 18:55 | Crear | Fishing Ship |
| 19:01 | Construir | Fish Trap |
| 19:13 | Crear | Knight |
| 19:15 | Construir | Farm |
| 19:16 | Construir | Farm |
| 19:18 | Construir | Farm |
| 19:26 | Crear | Villager (Male) |
| 19:26 | Crear | Villager (Male) |
| 19:43 | Construir | Fish Trap |
| 19:44 | Crear | Villager (Male) |
| 19:44 | Crear | Villager (Male) |
| 19:51 | Crear | Knight |
| 19:58 | Construir | Farm |
| 19:59 | Construir | Farm |
| 20:00 | Construir | Farm |
| 20:16 | Crear | Villager (Male) |
| 20:16 | Crear | Villager (Male) |
| 20:21 | Construir | Town Center |
| 20:30 | Crear | Knight |
| 20:35 | Crear | Villager (Male) |
| 20:35 | Crear | Villager (Male) |
| 20:39 | Crear | Villager (Male) |
| 20:45 | Crear | Fishing Ship |
| 20:45 | Crear | Fishing Ship |
| 20:49 | Crear | Villager (Male) |
| 21:03 | Crear | Villager (Male) |
| 21:06 | Construir | Farm |
| 21:10 | Construir | Farm |
| 21:11 | Construir | Farm |
| 21:12 | Construir | Farm |
| 21:13 | Crear | Villager (Male) |
| 21:15 | Construir | Farm |
| 21:17 | Crear | Villager (Male) |
| 21:18 | Crear | Villager (Male) |
| 21:24 | Crear | Villager (Male) |
| 21:25 | Crear | Villager (Male) |
| 21:31 | Construir | Fish Trap |
| 21:32 | Investigar | Gillnets |
| 21:33 | Investigar | Gillnets |
| 21:43 | Construir | Farm |
| 21:45 | Crear | Villager (Male) |
| 21:46 | Crear | Villager (Male) |
| 21:51 | Construir | House |
| 21:51 | Construir | House |
| 21:53 | Construir | House |
| 21:54 | Construir | House |
| 21:55 | Construir | House |
Build order — Sawasha Takohida
Primeras 150 de 182 acciones detectadas
| 0:16 | Construir | Palisade Wall |
| 0:36 | Construir | Town Center |
| 2:35 | Construir | Dock |
| 2:41 | Construir | House |
| 2:47 | Crear | Villager (Male) |
| 2:47 | Crear | Villager (Male) |
| 2:48 | Crear | Villager (Male) |
| 2:48 | Crear | Villager (Male) |
| 2:48 | Crear | Villager (Male) |
| 3:56 | Crear | Fishing Ship |
| 3:56 | Crear | Fishing Ship |
| 4:25 | Construir | House |
| 4:37 | Investigar | Loom |
| 4:38 | Crear | Villager (Male) |
| 4:38 | Crear | Villager (Male) |
| 5:16 | Crear | Villager (Male) |
| 5:16 | Crear | Villager (Male) |
| 5:28 | Construir | Palisade Wall |
| 5:32 | Construir | Palisade Wall |
| 5:37 | Construir | Palisade Wall |
| 5:47 | Construir | Palisade Wall |
| 5:49 | Crear | Villager (Male) |
| 5:49 | Crear | Villager (Male) |
| 5:51 | Crear | Villager (Male) |
| 5:52 | Crear | Villager (Male) |
| 5:57 | Construir | Palisade Wall |
| 5:59 | Construir | Palisade Wall |
| 6:01 | Construir | Palisade Wall |
| 6:05 | Crear | Fishing Ship |
| 6:05 | Crear | Fishing Ship |
| 6:14 | Construir | Palisade Wall |
| 6:40 | Construir | Palisade Wall |
| 6:41 | Construir | Palisade Wall |
| 6:41 | Construir | Palisade Wall |
| 6:44 | Crear | Villager (Male) |
| 6:45 | Crear | Villager (Male) |
| 7:03 | Construir | House |
| 7:09 | Crear | Villager (Male) |
| 7:09 | Crear | Villager (Male) |
| 8:00 | Crear | Villager (Male) |
| 8:00 | Crear | Villager (Male) |
| 8:00 | Crear | Villager (Male) |
| 8:01 | Crear | Villager (Male) |
| 8:01 | Crear | Fishing Ship |
| 8:42 | Crear | Villager (Male) |
| 8:54 | Construir | House |
| 9:06 | Crear | Fishing Ship |
| 9:21 | Construir | House |
| 9:30 | Crear | Villager (Male) |
| 9:37 | Construir | House |
| 9:54 | Construir | House |
| 10:08 | Crear | Villager (Male) |
| 10:08 | Crear | Villager (Male) |
| 10:08 | Crear | Villager (Male) |
| 10:18 | Crear | Villager (Male) |
| 10:34 | Construir | Mill |
| 10:39 | Construir | House |
| 11:18 | Investigar | Feudal Age |
| 11:19 | Investigar | Feudal Age |
| 12:04 | Construir | Mining Camp |
| 12:14 | Construir | House |
| 12:58 | Crear | Villager (Male) |
| 13:39 | Edad | Edad Feudal |
| 13:41 | Construir | Market |
| 13:44 | Construir | Blacksmith |
| 13:46 | Crear | Villager (Male) |
| 14:28 | Investigar | Castle Age |
| 14:39 | Construir | Watch Tower |
| 14:50 | Construir | Building 796 |
| 15:04 | Crear | Villager (Male) |
| 17:09 | Edad | Edad de los Castillos |
| 17:31 | Construir | Castle |
| 17:38 | Crear | Villager (Male) |
| 17:38 | Crear | Villager (Male) |
| 18:06 | Crear | Villager (Male) |
| 18:19 | Construir | Town Center |
| 18:21 | Crear | Villager (Male) |
| 18:22 | Crear | Mangudai |
| 18:37 | Crear | Mangudai |
| 19:14 | Investigar | Fletching |
| 19:14 | Investigar | Fletching |
| 19:15 | Crear | Villager (Male) |
| 19:16 | Crear | Mangudai |
| 19:25 | Crear | Villager (Male) |
| 20:02 | Construir | Mill |
| 20:27 | Crear | Mangudai |
| 20:39 | Crear | Villager (Male) |
| 20:44 | Construir | Siege Workshop |
| 21:06 | Construir | Mill |
| 21:16 | Crear | Villager (Male) |
| 21:40 | Crear | Mangonel |
| 21:40 | Crear | Mangonel |
| 21:53 | Crear | Villager (Male) |
| 21:56 | Crear | Mangudai |
| 22:20 | Crear | Mangudai |
| 22:41 | Crear | Mangudai |
| 22:41 | Crear | Villager (Male) |
| 23:26 | Crear | Villager (Male) |
| 23:31 | Crear | Mangudai |
| 23:49 | Construir | Lumber Camp |
| 23:54 | Crear | Villager (Male) |
| 23:58 | Crear | Mangudai |
| 24:00 | Crear | Villager (Male) |
| 24:02 | Construir | House |
| 24:15 | Crear | Villager (Male) |
| 24:35 | Crear | Mangudai |
| 24:36 | Crear | Villager (Male) |
| 24:59 | Construir | Farm |
| 24:59 | Construir | Farm |
| 25:00 | Construir | Farm |
| 25:00 | Construir | Farm |
| 25:34 | Crear | Mangudai |
| 25:41 | Crear | Villager (Male) |
| 25:55 | Construir | House |
| 26:17 | Crear | Mangudai |
| 26:17 | Crear | Villager (Male) |
| 26:41 | Crear | Mangudai |
| 26:43 | Crear | Mangonel |
| 26:46 | Crear | Villager (Male) |
| 26:54 | Construir | Farm |
| 26:55 | Construir | Farm |
| 26:57 | Construir | Farm |
| 26:58 | Construir | Farm |
| 27:05 | Crear | Villager (Male) |
| 27:11 | Construir | House |
| 27:15 | Construir | Palisade Wall |
| 27:17 | Construir | Palisade Wall |
| 27:18 | Crear | Villager (Male) |
| 27:22 | Construir | Farm |
| 27:23 | Construir | Farm |
| 27:23 | Construir | Farm |
| 27:40 | Crear | Villager (Male) |
| 27:48 | Crear | Villager (Male) |
| 27:49 | Crear | Mangudai |
| 28:16 | Crear | Villager (Male) |
| 28:17 | Crear | Mangudai |
| 28:27 | Crear | Mangudai |
| 28:27 | Crear | Villager (Male) |
| 28:32 | Crear | Mangudai |
| 28:33 | Crear | Villager (Male) |
| 28:42 | Construir | House |
| 28:57 | Crear | Villager (Male) |
| 29:01 | Crear | Mangudai |
| 29:17 | Crear | Mangudai |
| 29:24 | Construir | Farm |
| 29:46 | Crear | Villager (Male) |
| 29:49 | Investigar | Bodkin Arrow |
| 29:49 | Investigar | Bodkin Arrow |
| 30:00 | Crear | Mangudai |
| 30:16 | Crear | Villager (Male) |
Build order — mano do age
Primeras 150 de 231 acciones detectadas
| 0:22 | Construir | Town Center |
| 1:08 | Construir | Dock |
| 1:12 | Construir | House |
| 2:51 | Crear | Villager (Male) |
| 2:51 | Crear | Villager (Male) |
| 2:51 | Crear | Villager (Male) |
| 2:52 | Crear | Villager (Male) |
| 3:56 | Crear | Fishing Ship |
| 4:12 | Crear | Villager (Male) |
| 4:42 | Construir | House |
| 4:53 | Construir | House |
| 4:57 | Investigar | Loom |
| 4:57 | Investigar | Loom |
| 5:24 | Crear | Villager (Male) |
| 5:24 | Crear | Villager (Male) |
| 5:25 | Crear | Fishing Ship |
| 5:29 | Construir | Palisade Wall |
| 5:31 | Construir | Palisade Wall |
| 5:50 | Construir | Palisade Wall |
| 5:53 | Construir | Palisade Wall |
| 5:54 | Construir | Palisade Wall |
| 5:56 | Crear | Villager (Male) |
| 6:09 | Construir | Palisade Wall |
| 6:13 | Crear | Villager (Male) |
| 6:19 | Construir | Palisade Wall |
| 6:24 | Construir | Palisade Wall |
| 6:30 | Crear | Villager (Male) |
| 6:47 | Construir | House |
| 7:08 | Crear | Villager (Male) |
| 7:08 | Crear | Villager (Male) |
| 7:28 | Crear | Fishing Ship |
| 7:31 | Crear | Villager (Male) |
| 7:42 | Crear | Villager (Male) |
| 7:54 | Crear | Fishing Ship |
| 8:03 | Construir | House |
| 8:17 | Crear | Villager (Male) |
| 8:40 | Crear | Fishing Ship |
| 8:47 | Construir | House |
| 8:51 | Crear | Villager (Male) |
| 9:13 | Crear | Fishing Ship |
| 9:13 | Crear | Fishing Ship |
| 9:21 | Crear | Villager (Male) |
| 9:25 | Crear | Villager (Male) |
| 9:53 | Crear | Fishing Ship |
| 9:53 | Crear | Villager (Male) |
| 10:10 | Construir | Mill |
| 10:45 | Investigar | Feudal Age |
| 10:45 | Investigar | Feudal Age |
| 10:53 | Construir | Mining Camp |
| 11:41 | Crear | Villager (Male) |
| 12:18 | Construir | House |
| 12:31 | Crear | Villager (Male) |
| 12:55 | Edad | Edad Feudal |
| 12:58 | Construir | Blacksmith |
| 12:59 | Crear | Villager (Male) |
| 13:07 | Construir | Market |
| 13:39 | Construir | Mining Camp |
| 14:16 | Investigar | Castle Age |
| 14:16 | Investigar | Castle Age |
| 14:43 | Crear | Unit 2626 |
| 15:26 | Construir | Lumber Camp |
| 15:31 | Crear | Unit 2626 |
| 16:02 | Construir | Building 796 |
| 16:06 | Construir | Palisade Wall |
| 16:08 | Construir | Palisade Wall |
| 16:09 | Construir | Palisade Wall |
| 16:23 | Construir | Building 796 |
| 16:56 | Edad | Edad de los Castillos |
| 16:57 | Crear | Villager (Male) |
| 17:12 | Crear | Unit 2626 |
| 17:13 | Crear | Villager (Male) |
| 17:32 | Construir | Castle |
| 17:32 | Crear | Villager (Male) |
| 18:08 | Crear | Villager (Male) |
| 18:51 | Crear | Villager (Male) |
| 18:52 | Crear | Villager (Male) |
| 19:18 | Crear | Villager (Male) |
| 19:19 | Crear | Villager (Male) |
| 19:34 | Construir | Siege Workshop |
| 19:40 | Crear | Villager (Male) |
| 19:47 | Crear | Villager (Male) |
| 19:52 | Investigar | Double-Bit Axe |
| 20:19 | Crear | Galley |
| 20:24 | Crear | Mangonel |
| 20:35 | Crear | Villager (Male) |
| 20:46 | Crear | Villager (Male) |
| 21:02 | Crear | Villager (Male) |
| 21:11 | Construir | Town Center |
| 21:34 | Crear | Villager (Male) |
| 21:34 | Crear | Villager (Male) |
| 21:42 | Crear | Mangonel |
| 22:01 | Investigar | Horse Collar |
| 22:25 | Crear | Villager (Male) |
| 22:25 | Crear | Villager (Male) |
| 22:37 | Crear | Villager (Male) ×2 |
| 22:41 | Construir | House |
| 22:41 | Construir | House |
| 23:15 | Construir | Town Center |
| 23:31 | Construir | Farm |
| 23:32 | Construir | Farm |
| 23:33 | Construir | Farm |
| 23:45 | Crear | Villager (Male) |
| 23:45 | Crear | Villager (Male) |
| 24:06 | Crear | Villager (Male) ×2 |
| 24:32 | Construir | Farm |
| 24:33 | Construir | Farm |
| 24:35 | Construir | Farm |
| 24:37 | Construir | Farm |
| 24:41 | Crear | Villager (Male) ×4 |
| 24:59 | Crear | Villager (Male) |
| 25:07 | Construir | Town Center |
| 25:28 | Crear | Villager (Male) ×2 |
| 25:37 | Construir | Mill |
| 25:52 | Crear | Villager (Male) ×3 |
| 25:53 | Crear | Camel Archer |
| 25:54 | Crear | Camel Archer |
| 26:06 | Construir | Mill |
| 26:09 | Crear | Villager (Male) |
| 26:15 | Construir | Farm |
| 26:15 | Construir | Farm |
| 26:15 | Construir | Farm |
| 26:19 | Crear | Villager (Male) |
| 26:35 | Crear | Camel Archer |
| 26:38 | Crear | Villager (Male) |
| 26:44 | Construir | Farm |
| 26:45 | Construir | Farm |
| 26:56 | Crear | Villager (Male) ×2 |
| 27:08 | Crear | Camel Archer |
| 27:10 | Crear | Villager (Male) ×5 |
| 27:13 | Construir | Farm |
| 27:13 | Construir | Farm |
| 27:13 | Construir | Farm |
| 27:14 | Construir | Farm |
| 27:52 | Crear | Villager (Male) ×5 |
| 27:57 | Construir | Farm |
| 27:58 | Construir | Farm |
| 27:59 | Construir | Farm |
| 28:07 | Crear | Camel Archer |
| 28:09 | Crear | Camel Archer |
| 28:15 | Investigar | Fletching |
| 28:15 | Investigar | Fletching |
| 28:17 | Crear | Villager (Male) ×3 |
| 28:29 | Construir | Farm |
| 28:30 | Construir | Farm |
| 28:31 | Construir | Farm |
| 28:37 | Construir | Farm |
| 28:50 | Crear | Villager (Male) ×4 |
| 28:56 | Construir | House |
| 28:57 | Construir | House |
| 28:57 | Construir | House |
Cronología de la partida
| 0:16 | Sawasha Takohida · wall_segment Palisade Wall x1 |
| 0:47 | Roooooooo · first_building Dock |
| 0:58 | Shadow_BR · first_building Dock |
| 1:08 | mano do age · first_building Dock |
| 1:11 | fredi · first_building Dock |
| 1:15 | boda · first_building Dock |
| 2:01 | Tonguera · first_building Dock |
| 2:06 | boda · wall_segment Palisade Wall x1 |
| 2:23 | MasteRk · first_building Dock |
| 2:35 | Sawasha Takohida · first_building Dock |
| 3:31 | MasteRk · wall_segment Palisade Wall x1 |
| 3:54 | MasteRk · wall_segment Palisade Wall x1 |
| 5:28 | Sawasha Takohida · wall_segment Palisade Wall x1 |
| 5:29 | mano do age · wall_segment Palisade Wall x1 |
| 5:31 | mano do age · wall_segment Palisade Wall x1 |
| 5:32 | Sawasha Takohida · wall_segment Palisade Wall x1 |
| 5:37 | Sawasha Takohida · wall_segment Palisade Wall x1 |
| 5:47 | Sawasha Takohida · wall_segment Palisade Wall x1 |
| 5:50 | mano do age · wall_segment Palisade Wall x1 |
| 5:53 | mano do age · wall_segment Palisade Wall x1 |
| 5:54 | mano do age · wall_segment Palisade Wall x1 |
| 5:57 | Sawasha Takohida · wall_segment Palisade Wall x1 |
| 5:59 | Sawasha Takohida · wall_segment Palisade Wall x1 |
| 6:01 | Sawasha Takohida · wall_segment Palisade Wall x1 |
| 6:09 | mano do age · wall_segment Palisade Wall x1 |
| 6:14 | Sawasha Takohida · wall_segment Palisade Wall x1 |
| 6:19 | mano do age · wall_segment Palisade Wall x1 |
| 6:24 | mano do age · wall_segment Palisade Wall x1 |
| 6:40 | Sawasha Takohida · wall_segment Palisade Wall x1 |
| 6:41 | Sawasha Takohida · wall_segment Palisade Wall x1 |
| 6:41 | Sawasha Takohida · wall_segment Palisade Wall x1 |
| 9:25 | Tonguera · wall_segment Palisade Wall x4 |
| 10:20 | Tonguera · wall_segment Palisade Wall x6 |
| 10:21 | Tonguera · wall_segment Palisade Wall x3 |
| 10:55 | boda · first_building Barracks |
| 11:24 | Roooooooo · first_building Barracks |
| 11:48 | boda · age_up feudal |
| 11:59 | boda · first_building Archery Range |
| 12:26 | Tonguera · wall_segment Palisade Wall x8 |
| 12:50 | Shadow_BR · age_up feudal |
| 12:55 | mano do age · age_up feudal |
| 13:14 | Tonguera · age_up feudal |
| 13:25 | Roooooooo · age_up feudal |
| 13:26 | Roooooooo · first_building Stable |
| 13:39 | Sawasha Takohida · age_up feudal |
| 13:51 | Shadow_BR · wall_segment Stone Wall x1 |
| 13:54 | Shadow_BR · wall_segment Stone Wall x4 |
| 14:06 | fredi · first_building Barracks |
| 14:14 | Tonguera · wall_segment Palisade Wall x7 |
| 14:29 | MasteRk · first_building Barracks |
| 14:32 | fredi · age_up feudal |
| 15:13 | MasteRk · age_up feudal |
| 15:27 | Tonguera · wall_segment Palisade Wall x1 |
| 15:28 | Tonguera · wall_segment Palisade Wall x1 |
| 15:29 | Tonguera · wall_segment Palisade Wall x13 |
| 15:30 | MasteRk · first_building Archery Range |
| 15:32 | fredi · first_building Archery Range |
| 15:33 | Tonguera · wall_segment Palisade Wall x8 |
| 16:06 | mano do age · wall_segment Palisade Wall x1 |
| 16:08 | mano do age · wall_segment Palisade Wall x1 |
| 16:09 | mano do age · wall_segment Palisade Wall x1 |
| 16:42 | Tonguera · wall_segment Palisade Wall x14 |
| 16:45 | Shadow_BR · age_up castle |
| 16:50 | Shadow_BR · first_market_buy 100 stone |
| 16:55 | Roooooooo · age_up castle |
| 16:56 | mano do age · age_up castle |
| 17:01 | Sawasha Takohida · first_market_buy 100 stone |
| 17:09 | Sawasha Takohida · age_up castle |
| 17:11 | MasteRk · wall_segment Palisade Wall x1 |
| 17:31 | Sawasha Takohida · first_building Castle |
| 17:32 | Tonguera · wall_segment Palisade Wall x12 |
| 17:32 | mano do age · first_building Castle |
| 17:37 | Shadow_BR · first_building Castle |
| 19:34 | mano do age · first_building Siege Workshop |
| 19:37 | Tonguera · first_market_sell 100 food |
| 19:45 | MasteRk · age_up castle |
| 19:59 | fredi · age_up castle |
| 20:11 | Shadow_BR · first_building Siege Workshop |
| 20:44 | Sawasha Takohida · first_building Siege Workshop |
| 20:59 | mano do age · first_market_sell 100 stone |
| 21:00 | mano do age · first_market_buy 100 wood |
| 22:18 | Tonguera · age_up castle |
| 22:47 | Tonguera · first_market_buy 100 wood |
| 23:34 | fredi · first_market_buy 100 food |
| 23:35 | boda · age_up castle |
| 23:59 | Shadow_BR · first_building Barracks |
| 24:12 | fredi · first_building Siege Workshop |
| 24:44 | boda · first_building Castle |
| 24:57 | Shadow_BR · first_building Stable |
| 25:11 | MasteRk · first_building Siege Workshop |
| 25:27 | fredi · first_market_sell 100 food |
| 26:58 | boda · first_market_sell 500 wood |
| 27:02 | Roooooooo · first_building Castle |
| 27:02 | boda · first_market_buy 100 food |
| 27:15 | Sawasha Takohida · wall_segment Palisade Wall x4 |
| 27:17 | Sawasha Takohida · wall_segment Palisade Wall x2 |
| 28:30 | MasteRk · first_building Castle |
| 29:30 | Tonguera · wall_segment Stone Wall x21 |
| 29:50 | boda · age_up imperial |
| 30:23 | Roooooooo · first_market_sell 500 food |
| 31:07 | Shadow_BR · tribute_sent a jugador 1 |
| 31:07 | Shadow_BR · tribute_sent a jugador 3 |
| 31:07 | Shadow_BR · tribute_sent a jugador 4 |
| 31:07 | Shadow_BR · tribute_sent a jugador 5 |
| 31:07 | Shadow_BR · tribute_sent a jugador 6 |
| 31:07 | Shadow_BR · tribute_sent a jugador 7 |
| 31:07 | Shadow_BR · tribute_sent a jugador 8 |
| 31:47 | Tonguera · first_building Castle |
| 31:49 | Roooooooo · first_building Monastery |
| 33:22 | mano do age · first_building Barracks |
| 33:51 | MasteRk · first_market_sell 100 wood |
| 33:52 | MasteRk · first_market_buy 100 stone |
| 33:58 | mano do age · first_building Stable |
| 34:01 | mano do age · first_building Archery Range |
| 35:14 | Roooooooo · age_up imperial |
| 35:25 | fredi · first_building Castle |
| 36:03 | MasteRk · age_up imperial |
| 36:05 | fredi · resign |
[ ANÁLISIS IA · 1 CRÉDITO ]
¿Qué pasó realmente en esta partida?
Wolo.gg analiza cada decisión: build order, eco, micro, errores típicos por bracket. Análisis personalizado por WhatsApp o Discord en 30 segundos.
Guía civ
Españoles
Perfil
Jugador #14779181